 Dungeon Crawl Stone Soup version 0.25.0-45-g978344163c (webtiles) character file.

Game seed: 8342982204909956467

846 nikku the Fighter (level 7, -3/61 HPs)
             Began as a Minotaur Berserker on July 11, 2020.
             Was a Priest of Trog.
             Splashed by a jelly's acid (9 damage)
             ... on level 5 of the Dungeon.
             The game lasted 00:07:31 (3975 turns).

nikku the Fighter (Minotaur Berserker)              Turns: 3975, Time: 00:07:31

Health: -3/61      AC:  2    Str: 23    XL:     7   Next: 68%
Magic:  6/6        EV: 11    Int:  2    God:    Trog [***...]
Gold:   270        SH:  0    Dex: 10    Spells: 6/6 levels left

rFire    . . .     SeeInvis .   a - +1 hand axe
rCold    . . .     Gourm    .   (no shield)
rNeg     . . .     Faith    .   d - +0 ring mail
rPois    .         Spirit   .   (helmet restricted)
rElec    .         Reflect  .   (no cloak)
rCorr    .         Harm     .   (no gloves)
MR       +....     Rnd*Rage +   (no boots)
Stlth    ..........             (no amulet)
HPRegen  0.20/turn              (no ring)
MPRegen  0.10/turn              (no ring)

@: corroded, berserk cooldown, slowed, very slow
A: retaliatory headbutt, horns 2, berserk 1, dopey 1, frail 1, magic resistance
1, mutation resistance 1, MP-powered wands
a: Berserk, Trog's Hand, Renounce Religion


You were on level 5 of the Dungeon.
You worshipped Trog.
Trog was most pleased with you.
You were hungry.

You visited 1 branch of the dungeon, and saw 5 of its levels.

You collected 270 gold pieces.

Inventory:

Hand Weapons
 a - a +1 hand axe (weapon)
Missiles
 j - 16 poisoned darts
 m - 6 javelins (quivered)
Armour
 d - a +0 ring mail (worn)
 o - a +0 chain mail
Jewellery
 w - an uncursed amulet of regeneration {unknown}
Scrolls
 f - 2 scrolls of teleportation
 g - a scroll of magic mapping
 l - 4 scrolls of remove curse
Potions
 b - 3 potions of might
 e - a potion of magic {unknown}
 h - 3 potions of flight
 i - 2 potions of lignification {unknown}
 k - 2 potions of brilliance {unknown}
 n - a potion of invisibility {unknown}
 p - 2 potions of curing {unknown}
 r - 2 potions of stabbing {unknown}
 v - 2 potions of berserk rage {unknown}
Comestibles
 c - 7 rations
 t - a chunk of flesh


   Skills:
 * Level 8.2 Fighting
 + Level 6.3 Axes
 + Level 5.6 Armour
 - Level 2.1 Dodging


You had 6 spell levels left.
You didn't know any spells.
Your spell library was empty.

Dungeon Overview and Level Annotations

Branches:
Dungeon (5/15)             Temple (0/1) D:5

Altars:
Cheibriados
Dithmenos
Fedhas
Gozag
Kikubaaqudgha


Innate Abilities, Weirdness & Mutations

You reflexively headbutt those who attack you in melee.
You have a pair of horns on your head.
You tend to lose your temper in combat.
You are dopey. (Int -2)
You are frail. (-10% HP)
You are resistant to hostile enchantments. (MR+)
You are somewhat resistant to further mutation.
You expend magic power (3 MP) to strengthen your wands.


Message History

You kill the orc priest!
Trog accepts your kill.
The orc priest hits you with a +0 short sword.
* * * LOW HITPOINT WARNING * * *
The jelly hits you but does no damage. The orc priest barely misses you.
You completely miss the orc priest.
The orc priest is lightly wounded.
You hit the jelly. The acid corrodes you!
Your hands burn!
* * * LOW HITPOINT WARNING * * *
The jelly hits you but does no damage.
The orc priest hits you with a +0 short sword.
* * * LOW HITPOINT WARNING * * *
You hit the orc priest but do no damage.
The orc priest is lightly wounded.
You hit the jelly.
Your hands burn!
* * * LOW HITPOINT WARNING * * *
The jelly hits you.
* * * LOW HITPOINT WARNING * * *
You are splashed with acid!
You die...

....##..##...
....#...#..
......... .......##
....... # ##.#..###
##.##..#....##
..#.....)..<...#
#...>o@#..#.......
......J###.###.....
.####.. #..# ...#
##. #..# ... .#
##.. .# . #.. . ..
... ..


You could see a jelly and an orc priest.

Vanquished Creatures
  The ghost of SamuraiZach the Shield-Bearer, an amateur TrFi of Cheibriados (D:4)
  An ice beast (D:5)
  A centaur (D:5)
  A howler monkey (D:4)
  A hound (D:4)
  3 orc priests (D:5)
  Terence (D:3)
  Jessica (D:3)
  2 iguanas (D:4)
  A worker ant (D:4)
  Robin (D:3)
  11 adders
  2 oozes
  A worm (D:2)
  2 adder skeletons (D:4)
  A dart slug (D:3)
  A leopard gecko (D:1)
  16 orcs
  2 giant cockroaches
  16 goblins
  10 hobgoblins
  6 jackals
  7 kobolds
  3 quokkas
  A ball python (D:3)
  7 bats
  6 frilled lizards
  A leopard gecko skeleton (D:4)
  A quokka skeleton (D:2)
  5 rats
113 creatures vanquished.

Notes
Turn   | Place    | Note
-------+----------+-------------------------------------------
     0 | D:1      | nikku the Minotaur Berserker began the quest for the Orb.
     0 | D:1      | Reached XP level 1. HP: 19/19 MP: 0/0
   192 | D:1      | Reached skill level 4 in Fighting
   192 | D:1      | Reached XP level 2. HP: 27/27 MP: 1/1
   583 | D:1      | Reached ** piety under Trog
   701 | D:2      | Found a snail-covered altar of Cheibriados.
   714 | D:2      | Reached XP level 3. HP: 26/34 MP: 2/2
  1091 | D:2      | Reached skill level 5 in Fighting
  1091 | D:2      | Reached XP level 4. HP: 38/42 MP: 3/3
  1649 | D:3      | Noticed Robin
  1664 | D:3      | Killed Robin
  2229 | D:3      | Reached XP level 5. HP: 48/48 MP: 4/4
  2425 | D:3      | Noticed Terence
  2434 | D:3      | Killed Terence
  2522 | D:3      | Noticed Jessica
  2535 | D:3      | Killed Jessica
  2535 | D:3      | Reached skill level 6 in Fighting
  2705 | D:4      | Reached *** piety under Trog
  2821 | D:4      | Found a blossoming altar of Fedhas.
  2821 | D:4      | Found an ancient bone altar of Kikubaaqudgha.
  2822 | D:4      | Found a shadowy altar of Dithmenos.
  2879 | D:4      | Reached skill level 5 in Axes
  2945 | D:4      | Found an opulent altar of Gozag.
  2958 | D:4      | Reached XP level 6. HP: 23/58 MP: 5/5
  3517 | D:4      | Found a runed translucent door.
  3521 | D:4      | Noticed SamuraiZach's ghost (amateur TrFi)
  3534 | D:4      | Found an opulent altar of Gozag.
  3780 | D:4      | Reached skill level 7 in Fighting
  3785 | D:4      | Killed SamuraiZach's ghost
  3785 | D:4      | Reached skill level 5 in Armour
  3785 | D:4      | Reached XP level 7. HP: 61/66 MP: 6/6
  3930 | D:4      | Gained mutation: Armour fits poorly on your strangely
                  | shaped body. [potion of mutation]
  3930 | D:4      | Gained mutation: You are frail. (-10% HP) [potion of
                  | mutation]
  3930 | D:4      | Gained mutation: You have a pair of large horns on your
                  | head. [potion of mutation]
  3930 | D:4      | Gained mutation: Your mind is acute. (Int +2) [potion of
                  | mutation]
  3931 | D:4      | Lost mutation: You have a pair of large horns on your head.
                  | [potion of mutation]
  3931 | D:4      | Lost mutation: Your mind is acute. (Int +2) [potion of
                  | mutation]
  3931 | D:4      | Gained mutation: You are occasionally teleported next to
                  | monsters. [potion of mutation]
  3931 | D:4      | Gained mutation: You are resistant to hostile enchantments.
                  | (MR+) [potion of mutation]
  3931 | D:4      | Gained mutation: You are dopey. (Int -2) [potion of
                  | mutation]
  3931 | D:4      | Gained mutation: You expend magic power (3 MP) to
                  | strengthen your wands. [potion of mutation]
  3932 | D:4      | Lost mutation: Armour fits poorly on your strangely shaped
                  | body. [potion of mutation]
  3932 | D:4      | Lost mutation: You are occasionally teleported next to
                  | monsters. [potion of mutation]
  3932 | D:4      | Gained mutation: You are somewhat resistant to further
                  | mutation. [potion of mutation]
  3932 | D:4      | Gained mutation: You tend to lose your temper in combat.
                  | [potion of mutation]
  3952 | D:5      | Entered Level 5 of the Dungeon
  3952 | D:5      | Found a staircase to the Ecumenical Temple.
  3960 | D:5      | Reached skill level 8 in Fighting
  3975 | D:5      | Splashed by a jelly's acid

Illustrated notes

Levels and vault maps discovered:
D:1:      dpeg_arrival_round_c, layout_rooms
D:2:      layout_rooms, cheibriados_altar_1, serial_undead, serial_undead_e,
          serial_undead_b, serial_undead_a, serial_undead_b, minmay_pentomino_v4
D:3:      layout_basic, uniq_jessica, uniq_terence, uniq_robin
D:4:      minmay_general_purpose_star, layout_basic,
          nicolae_overflow_quartered_altars, ebering_ghost_sewer_d,
          grunt_gozag_breadcrumbs
D:5:      layout_cave_pools, minmay_temple_entry_wispy, basic_altar,
          first_ration, uniq_prince_ribbit1

Skill      XL: |  1  2  3  4  5  6  7 |
---------------+----------------------+-----
Fighting       | 4 5 6 7 8 |  8.2
Axes           | 4 5 6 |  6.3
Armour         | 3 4 5 |  5.6
Dodging        | |  2.1

Action                   |  1- 3 |  4- 6 |  7- 9 || total
-------------------------+-------+-------+-------++-------
Melee: Hand axe          |    80 |   160 |    18 ||   258
       Headbutt          |     9 |    22 |     1 ||    32
Throw: Javelin           |       |     6 |       ||     6
Invok: Berserk           |       |     4 |     1 ||     5
       Trog's Hand       |       |     1 |       ||     1
  Use: Scroll            |     2 |     4 |     4 ||    10
       Potion            |       |       |     3 ||     3
  Eat: Chunk             |     1 |    11 |     2 ||    14
Armor: Ring mail         |    42 |    49 |     7 ||    98
       Animal skin       |     1 |       |       ||     1
Dodge: Dodged            |    49 |    75 |    10 ||   134
